AoeStats
← 海峡

Arabia

508820829Analyzed
1v1 RM · 8d ago on Sep 24, 2026· 32m 49s· 2 players
Game mode
Random Map
Map size
Tiny (2 player)
Population
200
Speed
Normal
Resources
Standard
Victory
Conquest
Starting age
Dark Age
Ending age
Imperial Age
RankedLock teamsTeams togetherTeam positionsShared explorationLock speedFull tech treeHidden civsTurbo modeCheats
Victory
Defeat
🇨🇳 Inca · China
1625
+17
🇧🇷 Berbers · Brazil
1649
-17
海峡
9:10 Feudal Age
9:43 Double-Bit Axe
9:21 Champi Runner
10:33 Loom
12:38 Arson
15:14 Scale Mail Armor
16:37 Horse Collar
18:25 Forging
23:59 Castle Age
23:09 Gold Mining
24:01 Champi Warrior
25:34 Squires
27:22 Gold Shaft Mining
27:35 Wheelbarrow
29:09 Iron Casting
30:06 Chain Mail Armor
Anorak
7:34 Loom
9:40 Feudal Age
10:41 Double-Bit Axe
12:53 Man-at-Arms
20:43 Castle Age
21:04 Long Swordsman
22:11 Squires
22:42 Horse Collar
29:16 Forging
Connection lost

Rejoining the realm…

Still unreachable

The connection could not be restored.

Session expired

The server has moved on; the page needs a fresh start.